 Dungeon Crawl Stone Soup version 0.16.1-28-gcc2312f (webtiles) character file.

21265 fornasd the Arsonist (level 12, -5/64 HPs)
             Began as a Deep Elf Fire Elementalist on May 29, 2015.
             Was a High Priest of Sif Muna.
             Slain by Rupert
             ... wielding a +0 great sword of slicing
              (6 damage)
             ... on level 4 of the Lair of Beasts.
             The game lasted 01:54:01 (19951 turns).

fornasd the Arsonist (Deep Elf Fire Elementalist)  Turns: 19951, Time: 01:54:01

Health: -5/64      AC: 10    Str:  5    XL:     12   Next: 52%
Magic:  44/56      EV: 19    Int: 30    God:    Sif Muna [*****.]
Gold:   737        SH:  0    Dex: 15    Spells: 6 memorised, 7 levels left

rFire  . . .     SeeInvis .     I - staff of power
rCold  . . .     Clarity  .     K - +0 robe
rNeg   . . .     SustAb   .     (no shield)
rPois  +         Gourm    .     b - +0 helmet
rElec  .         Spirit   .     N - +0 cloak (curse)
rCorr  .         Warding  .     (no gloves)
rMut   .         Stasis   +     v - +1 pair of boots
MR     +....                    y - amulet of stasis
Stlth  ++........               e - ring of the Firefly {+Inv rPois MP+9 Int+4}
                                f - +4 ring of protection

@: very slightly contaminated, invisible, somewhat resistant to hostile
enchantments, unstealthy
A: no striking features
a: Channel Energy, Forget Spell, Renounce Religion


You were on level 4 of the Lair of Beasts.
You worshipped Sif Muna.
Sif Muna was extremely pleased with you.
You were not hungry.

You visited 3 branches of the dungeon, and saw 15 of its levels.

You collected 821 gold pieces.
You spent 84 gold pieces at shops.

Inventory:

Armour
 b - a +0 helmet (worn)
 v - a +1 pair of boots (worn)
 K - a +0 robe (worn)
 N - a cursed +0 cloak (worn)
Magical staves
 C - an uncursed staff of air
 I - an uncursed staff of power (weapon)
Jewellery
 e - the ring of the Firefly (right hand) {+Inv rPois MP+9 Int+4}
   (You took it off a hobgoblin on level 10 of the Dungeon)

   [ring of invisibility]

   It affects your intelligence (+4).
   It protects you from poison.
   It affects your magic capacity (+9).
   It lets you turn invisible.
 f - a +4 ring of protection (left hand)
 g - an uncursed ring of sustain abilities
 m - a +3 ring of protection
 q - an uncursed ring of invisibility
 t - an uncursed ring of wizardry
 y - an amulet of stasis (around neck)
 A - an uncursed ring of see invisible
 O - an uncursed amulet of clarity {unknown}
Magical devices
 a - a wand of magic darts (15)
 w - a wand of teleportation (5)
 D - a wand of cold (8)
 F - a wand of polymorph (13)
 G - a wand of digging (5)
 L - a wand of confusion (14)
 M - a wand of hasting (2)
 U - a wand of lightning (0)
 X - a wand of paralysis (7)
 Z - a wand of invisibility (2)
Scrolls
 j - 10 scrolls of identify
 k - 4 scrolls of enchant armour
 l - 6 scrolls of remove curse
 n - a scroll of enchant weapon
 o - 4 scrolls of teleportation
 p - 3 scrolls of magic mapping
 s - 2 scrolls of fog {unknown}
 B - a scroll of blinking {unknown}
 R - a scroll of fear {unknown}
Potions
 h - 2 potions of brilliance
 r - a potion of might
 u - a potion of resistance {unknown}
 x - 2 potions of agility {unknown}
 z - 5 potions of curing
 H - a potion of degeneration {unknown}
 J - a potion of restore abilities
 T - a potion of ambrosia {unknown}
 V - a potion of berserk rage {unknown}
 W - 2 potions of haste {unknown}
 Y - 2 potions of poison {unknown}
Books
 P - a book of Hinderance

   Spells                             Type                      Level
   a - Confusing Touch                Hexes                        2
   b - Confuse                        Hexes                        3
   c - Petrify                        Transmutation/Earth          4
   d - Metabolic Englaciation         Hexes/Ice                    5
   e - Gell's Gravitas                Hexes/Translocation          5
   f - Summon Mana Viper              Hexes/Summoning              5
Miscellaneous
 d - a legendary deck of summoning
Comestibles
 c - 15 bread rations
 i - 9 meat rations
 E - 4 chunks of flesh
 Q - 4 fruits
 S - 24 royal jellies


   Skills:
 - Level 2.6 Fighting
 - Level 10.5 Dodging
 - Level 2.4 Stealth
 - Level 8.3 Spellcasting
 * Level 11.0 Conjurations
 - Level 10.0 Hexes
 + Level 5.9 Translocations
 * Level 12.0 Fire Magic
 - Level 4.5 Invocations


You had 7 spell levels left.
You knew the following spells:

 Your Spells              Type           Power        Failure   Level  Hunger
a - Flame Tongue          Conj/Fire      #####        1%          1    None
b - Throw Flame           Conj/Fire      ######       1%          2    None
c - Conjure Flame         Conj/Fire      ######..     1%          3    None
d - Sticky Flame          Conj/Fire      ######..     1%          4    None
e - Fireball              Conj/Fire      ######....   1%          5    ####...
f - Gell's Gravitas       Hex/Tloc       ######....   4%          5    ####...


Dungeon Overview and Level Annotations

Branches:
Dungeon (10/15)            Temple (1/1) D:4            Lair (4/8) D:10
 Shoals (0/5) Lair:3       Spider (0/5) Lair:3
    Orc: D:9-12

Altars:
Ashenzari
Cheibriados
Dithmenos
Elyvilon
Fedhas
Gozag
Kikubaaqudgha
Makhleb
Nemelex Xobeh
Okawaru
Qazlal
Ru
Sif Muna
Trog
Vehumet
Xom
Yredelemnul
Zin
The Shining One
Lugonu

Shops:
D:6 *   D:7 }   D:8 *   D:9 [

Annotations:
D:9 exclusion: player ghost
Lair:4 Rupert


Message History

Drink which item? (? for menu, Esc to quit)
Okay, then.
Evoke which item? (* to show all) (? for menu, Esc to quit)
Zapping:
X - a wand of paralysis {zapped: 4} (will waste charges)
Press: ? - help, Shift-Dir - straight line, f/p - Rupert
Aim: Rupert, wielding a great sword of slicing and wearing a chain mail (moderately wounded, berserk, fast, unusually strong, covered in liquid flames, chance 1%) Rupert resists with almost no effort.
Evoking this partially-identified wand wasted a few charges.
Rupert burns!
Rupert completely misses you.
Evoke which item? (* to show all) (? for menu, Esc to quit)
Zapping:
Z - a wand of invisibility (will waste charges)
Press: ? - help, Shift-Dir - straight line, f - you, p - Rupert You fade into invisibility!
You are very lightly contaminated with residual magic.
Evoking this partially-identified wand wasted a few charges.
Rupert burns!
Rupert completely misses you.
Rupert burns!
Rupert hits you with a great sword of slicing!
* * * LOW HITPOINT WARNING * * *
You die...

#......................
#.......................
#.#.....................
#.##.................#
#.#####.P#.....รท.....#
### #P.##P..........#
#####...........##
#.<..........#
##..@........##
#...@.........#
#............###
##...........#.#
#.............##
###..........#.#
#............###
#............### #
#..............### ..


You could see Rupert (berserk).

Vanquished Creatures
  A hydra (Lair:3)
  Nergalle (Lair:3)
  The ghost of mage the Thaumaturge, an experienced DEFE of Vehumet (D:9)
  An unseen horror (D:10)
  Pikel (D:8)
  2 hill giants (D:10)
  2 black mambas
  6 spiny frogs
  4 komodo dragons
  A troll (D:9)
  A queen bee (Lair:3)
  A snapping turtle (Lair:3)
  7 blink frogs
  16 yaks
  A steam dragon (D:9)
  A deep elf mage (D:9)
  2 wolves (Lair:4)
  4 hippogriffs
  Edmund (D:6)
  3 water moccasins
  A slave (D:8)
  The ghost of Ballsack the Conjurer, an average DECj of Kikubaaqudgha (D:5)
  3 ice beasts
  2 gnoll sergeants
  A swamp drake (D:10)
  3 phantoms
  8 spiders (Lair:3)
  6 porcupines
  4 ogres
  4 orc warriors
  A wasp (D:10)
  A necrophage (D:9)
  9 centaurs
  Duvessa (D:6)
  2 big kobolds (D:10)
  9 giant frogs
  4 scorpions
  33 killer bees
  4 wights
  Dowan (D:6)
  2 crimson imps
  2 goliath beetles
  4 hounds
  7 jellies
  Crazy Yiuf (D:6)
  8 orc priests
  A centaur zombie (D:8)
  7 iguanas
  10 worker ants
  6 orc wizards
  A hound zombie (D:10)
  Terence (D:3)
  3 hound skeletons
  9 gnolls
  39 river rats
  24 adders
  4 shadow imps
  A giant mite (D:5)
  2 worms
  2 adder skeletons
  8 giant geckos
  5 oozes (D:8)
  44 orcs
  15 bats
  A bat skeleton (D:6)
  A bat zombie (D:5)
  5 giant cockroaches
  20 hobgoblins
  5 jackals
  26 kobolds
  6 quokkas
  A ball python (D:3)
  A giant gecko skeleton (D:7)
  5 giant newts
  A giant spore (D:6)
  15 goblins
  A quokka skeleton (D:4)
  19 rats
  4 spectral orcs (Lair:3)
  2 butterflies (D:4)
  A plant (Lair:1)
475 creatures vanquished.

Vanquished Creatures (others)
  2 slaves (D:8)
  A crimson imp (D:8)
  2 orc priests (D:8)
  An orc wizard (D:8)
  A gnoll (D:8)
  A giant mite (D:8)
  2 orcs (D:8)
  A bat (D:8)
  2 kobolds (D:8)
  A rat (D:6)
  A fungus (Lair:3)
15 creatures vanquished.

Grand Total: 490 creatures vanquished

Notes
Turn   | Place    | Note
--------------------------------------------------------------
     0 | D:1      | fornasd, the Deep Elf Fire Elementalist, began the quest for the Orb.
     0 | D:1      | Reached XP level 1. HP: 10/10 MP: 5/5
   340 | D:1      | Reached XP level 2. HP: 12/15 MP: 0/8
   409 | D:1      | Learned a level 2 spell: Throw Flame
   535 | D:1      | Reached skill level 4 in Fire Magic
  1309 | D:1      | Reached XP level 3. HP: 19/19 MP: 5/10
  1515 | D:1      | Learned a level 3 spell: Conjure Flame
  1785 | D:2      | Found a sacrificial altar of Ru.
  2034 | D:2      | Reached XP level 4. HP: 24/24 MP: 3/13
  2126 | D:2      | Reached skill level 5 in Fire Magic
  2681 | D:3      | Reached XP level 5. HP: 26/28 MP: 8/16
  2937 | D:3      | Learned a level 4 spell: Sticky Flame
  2985 | D:3      | Noticed an ice beast
  2991 | D:3      | Killed an ice beast
  2991 | D:3      | Reached XP level 6. HP: 32/32 MP: 7/18
  3113 | D:3      | Noticed a giant frog
  3119 | D:3      | Killed a giant frog
  3119 | D:3      | Reached skill level 6 in Fire Magic
  3385 | D:3      | Reached skill level 5 in Conjurations
  4249 | D:3      | Noticed an ice beast
  4250 | D:3      | Noticed Terence
  4273 | D:3      | Reached XP level 7. HP: 23/36 MP: 11/20
  4316 | D:3      | Killed Terence
  4454 | D:3      | Killed an ice beast
  4907 | D:4      | Reached skill level 7 in Fire Magic
  5076 | D:4      | Found a staircase to the Ecumenical Temple.
  5092 | Temple   | Entered the Ecumenical Temple
  5899 | D:4      | Found a shadowy altar of Dithmenos.
  6252 | D:5      | Entered Level 5 of the Dungeon
  6654 | D:5      | Noticed Ballsack's ghost (average DECj)
  7037 | D:5      | Found a burning altar of Makhleb.
  7048 | D:5      | Reached XP level 8. HP: 25/41 MP: 16/23
  7199 | D:5      | Learned a level 5 spell: Fireball
  7230 | D:5      | Killed Ballsack's ghost
  7230 | D:5      | Reached skill level 8 in Fire Magic
  7355 | D:5      | Found a bloodstained altar of Trog.
  7355 | D:5      | Found an opulent altar of Gozag.
  7368 | D:5      | Found a white marble altar of Elyvilon.
  7634 | D:6      | Noticed Dowan
  7639 | D:6      | Found Qudweng's General Store.
  7856 | D:6      | Noticed Duvessa
  7887 | D:6      | Killed Duvessa
  7896 | D:6      | Killed Dowan
  8071 | D:6      | Reached skill level 9 in Fire Magic
  8271 | D:6      | Noticed Edmund
  8281 | D:6      | Killed Edmund
  8414 | D:6      | Noticed Crazy Yiuf
  8419 | D:6      | Killed Crazy Yiuf
  8524 | D:6      | Reached XP level 9. HP: 45/45 MP: 24/24
  8918 | D:7      | Found a snail-covered altar of Cheibriados.
  9080 | D:7      | Found a blossoming altar of Fedhas.
  9085 | D:7      | Found a stormy altar of Qazlal.
  9104 | D:7      | Reached skill level 5 in Dodging
  9427 | D:7      | Found a staircase to the Ecumenical Temple.
  9791 | D:7      | Found Oxeypt's Gadget Shop.
  9798 | D:7      | Bought a wand of magic darts (26) for 84 gold pieces
  9948 | Temple   | Became a worshipper of Sif Muna the Loreminder
 10140 | D:8      | Noticed Pikel
 10162 | D:8      | Killed Pikel
 10162 | D:8      | Reached skill level 10 in Fire Magic
 10440 | D:8      | Reached skill level 5 in Spellcasting
 10825 | D:8      | Found Strewibb's Demolitions Depot.
 10957 | D:8      | Acquired Sif Muna's first power
 11069 | D:8      | Reached XP level 10. HP: 50/50 MP: 28/28
 11225 | D:8      | Found a radiant altar of Vehumet.
 11232 | D:8      | Found a glowing golden altar of the Shining One.
 11436 | D:9      | Found a shattered altar of Ashenzari.
 11448 | D:9      | Found Inwaa's Antique Armour Boutique.
 11459 | D:9      | Noticed mage's ghost (experienced DEFE)
 11472 | D:9      | Killed mage's ghost
 11734 | D:9      | Got a dazzling leather armour
 11748 | D:9      | Identified the +1 leather armour of the Blue Moon {rPois rF++ rC- Str-5 Stlth+} (You found it on level 9 of the Dungeon)
 11748 | D:9      | Lost strength.
 12378 | D:9      | Reached skill level 1 in Fighting
 12681 | D:9      | Acquired Sif Muna's second power
 12986 | D:10     | Entered Level 10 of the Dungeon
 12998 | D:10     | Noticed a hill giant
 13002 | D:10     | Killed a hill giant
 13002 | D:10     | Reached skill level 10 in Conjurations
 13446 | D:10     | Reached skill level 11 in Fire Magic
 13624 | D:10     | Learned a level 5 spell: Gell's Gravitas
 13695 | D:10     | Reached skill level 1 in Hexes
 14068 | D:10     | Found a staircase to the Lair.
 14216 | D:10     | Got a bound ivory ring
 14361 | D:10     | Noticed an unseen horror
 14367 | D:10     | Killed an unseen horror
 14367 | D:10     | Reached XP level 11. HP: 26/59 MP: 29/31
 14588 | D:10     | Noticed a hill giant
 14595 | D:10     | Killed a hill giant
 14900 | Lair:1   | Entered Level 1 of the Lair of Beasts
 15027 | Lair:1   | Reached skill level 5 in Hexes
 15217 | Lair:1   | Reached skill level 1 in Translocations
 15405 | Lair:1   | Reached skill level 10 in Dodging
 15406 | Lair:1   | Identified the ring of the Firefly {+Inv rPois MP+9 Int+4} (You took it off a hobgoblin on level 10 of the Dungeon)
 15531 | Lair:1   | Reached skill level 1 in Invocations
 16444 | Lair:2   | Reached skill level 5 in Translocations
 16621 | Lair:2   | Acquired Sif Muna's third power
 17197 | Lair:3   | Found a hole to the Spider Nest.
 17326 | Lair:3   | Reached XP level 12. HP: 47/64 MP: 32/32
 17540 | Lair:3   | Noticed a four-headed hydra
 17554 | Lair:3   | Killed a four-headed hydra
 17674 | Lair:3   | Found a stormy altar of Qazlal.
 18371 | Lair:3   | Reached skill level 10 in Hexes
 18686 | Lair:3   | Noticed Nergalle
 18708 | Lair:3   | Killed Nergalle
 18851 | Lair:3   | Found a staircase to the Shoals.
 19862 | Lair:4   | Reached skill level 12 in Fire Magic
 19929 | Lair:4   | Noticed Rupert
 19951 | Lair:4   | HP: 1/64 [Rupert/great sword of slicing (17)]
 19951 | Lair:4   | Slain by Rupert

Action                   |  1- 3 |  4- 6 |  7- 9 | 10-12 || total
-------------------------+-------+-------+-------+-------++-------
Melee: Dagger            |     2 |       |    11 |       ||    13
       Staff             |       |       |    12 |    20 ||    32
 Cast: Flame Tongue      |    57 |    41 |   153 |   281 ||   532
       Throw Flame       |    30 |    52 |   153 |   191 ||   426
       Sticky Flame      |       |     2 |    27 |    87 ||   116
       Conjure Flame     |       |     1 |    12 |    13 ||    26
       Fireball          |       |       |     7 |    47 ||    54
       Gell's Gravitas   |       |       |       |     7 ||     7
Evoke: Wand              |       |       |     1 |    15 ||    16
  Use: Scroll            |       |       |     3 |     6 ||     9
       Potion            |       |       |       |     9 ||     9
  Eat: Chunk             |     4 |     8 |    16 |    26 ||    54
       Pizza             |       |     1 |       |     4 ||     5
       Beef jerky        |       |       |     4 |     1 ||     5
       Fruit             |       |       |     2 |       ||     2
       Meat ration       |       |       |     1 |     1 ||     2
